 Dungeon Crawl Stone Soup version 0.16-a0-3186-gb3d5106 (webtiles) character file.

405 Naubita the Ruffian (level 6, -3/51 HPs)
             Began as a Minotaur Monk on Dec 19, 2014.
             Slain by a mummy (7 damage)
             ... in an ossuary.
             The game lasted 00:09:35 (2664 turns).

Naubita the Ruffian (Minotaur Monk)                 Turns: 2664, Time: 00:09:35

Health: -3/51      AC:  8    Str: 16    XL:     6   Next: 56%
Magic:  3/3        EV: 13    Int:  7    God:
Gold:   157        SH:  0    Dex: 14    Spells: 0 memorised, 5 levels left

rFire  . . .     SeeInvis .       - Unarmed
rCold  . . .     Clarity  .     p - +0 ring mail {rPois} (curse)
rNeg   . . .     SustAb   .     (no shield)
rPois  +         Gourm    .     (helmet restricted)
rElec  .         Spirit   .     n - +2 cloak (curse)
rCorr  .         Warding  .     (no gloves)
rMut   .         Stasis   .     (no boots)
MR     .....                    (no amulet)
Stlth  ++........               (no ring)
                                h - ring of stealth (curse)

@: not resistant to hostile enchantments, unstealthy
A: retaliatory headbutt, horns 2
a: no special abilities


You were in an ossuary.
You were not hungry.

You visited 2 branches of the dungeon, and saw 5 of its levels.
You also visited: Ossuary.

You collected 157 gold pieces.

Inventory:

Armour
 a - a cursed +0 robe
 n - a cursed +2 cloak (worn)
 p - a cursed +0 ring mail of poison resistance (worn)
Jewellery
 h - a cursed ring of stealth (left hand)
Scrolls
 c - a scroll of immolation {unknown}
 d - a scroll of amnesia
 e - 2 scrolls of random uselessness {unknown}
 j - a scroll of noise {unknown}
 l - a scroll of remove curse {unknown}
 o - a scroll of enchant weapon
Potions
 m - a potion of invisibility
 r - a potion of restore abilities
 t - a potion of brilliance {unknown}
Comestibles
 b - 6 bread rations
 f - 3 meat rations
 g - a beef jerky
 q - 4 fruits


   Skills:
 - Level 3.6 Fighting
 + Level 5.9 Dodging
 - Level 1.5 Stealth
 + Level 7.2 Unarmed Combat


You had 5 spell levels left.
You didn't know any spells.

Dungeon Overview and Level Annotations

Branches:
Dungeon (4/15)             Temple (1/1) D:4

Altars:
Ashenzari
Dithmenos
Makhleb
Nemelex Xobeh
Okawaru
Qazlal
Ru
Zin
The Shining One

Annotations:
D:2 Robin


Innate Abilities, Weirdness & Mutations

You reflexively headbutt those who attack you in melee.
You have a pair of horns on your head.


Message History

You feel nervous for a moment...
You feel a little less agile now.
A mummy comes into view.
You hit the mummy. Your headbutt misses the mummy.
The mummy is lightly damaged.
You hit the mummy but do no damage.
The mummy is lightly damaged.
The mummy hits you but does no damage.
You completely miss the mummy.
The mummy is lightly damaged.
You hit the mummy.
The mummy is moderately damaged.
The mummy closely misses you.
All of the chunks of flesh in your inventory have rotted away.
You hit the mummy. You headbutt the mummy.
The mummy is severely damaged.
You hit the mummy but do no damage.
The mummy is severely damaged.
The mummy hits you!
You die...

###########
##.@..M.....
##..M...####.
#......##..##
#.....##....##
#..............
##.............Z
##.............
#+##........#
##......##


You could see 2 mummies.

Vanquished Creatures
  An ogre (D:4)
  A hound (D:4)
  An orc wizard (D:3)
  An orc priest (D:3)
  5 mummies (Ossuary)
  4 adders
  4 worms
  3 giant mites (D:3)
  8 orcs
  2 ball pythons (D:3)
  11 bats
  A giant cockroach (D:1)
  2 gnoll zombies (Ossuary)
  19 goblins
  10 hobgoblins
  10 kobolds
  5 giant newts
  2 hobgoblin zombies (Ossuary)
  5 jackals
  A kobold zombie (Ossuary)
  2 orc zombies (Ossuary)
  6 rats
104 creatures vanquished.

Notes
Turn   | Place    | Note
--------------------------------------------------------------
     0 | D:1      | Naubita, the Minotaur Monk, began the quest for the Orb.
     0 | D:1      | Reached XP level 1. HP: 19/19 MP: 1/1
   132 | D:1      | Reached XP level 2. HP: 15/26 MP: 1/1
   827 | D:2      | Reached skill level 5 in Unarmed Combat
   827 | D:2      | Reached XP level 3. HP: 21/31 MP: 2/2
  1405 | D:2      | Reached XP level 4. HP: 21/39 MP: 2/2
  1554 | D:2      | Noticed Robin
  1853 | D:3      | Found a glowing silver altar of Zin.
  1911 | D:3      | Gained mutation: Your magical capacity is low (-10% MP). [potion of mutation]
  1911 | D:3      | Gained mutation: You tend to lose your temper in combat. [potion of mutation]
  1911 | D:3      | Gained mutation: Your system is resistant to poisons. [potion of mutation]
  1912 | D:3      | Gained mutation: You possess an exceptional clarity of mind. [potion of mutation]
  1912 | D:3      | Gained mutation: Your body is slowly deteriorating. [potion of mutation]
  1913 | D:3      | Lost mutation: You tend to lose your temper in combat. [potion of cure mutation]
  1913 | D:3      | Lost mutation: You possess an exceptional clarity of mind. [potion of cure mutation]
  1913 | D:3      | Lost mutation: Your body is slowly deteriorating. [potion of cure mutation]
  1913 | D:3      | Lost mutation: Your system is resistant to poisons. [potion of cure mutation]
  1913 | D:3      | Lost mutation: Your magical capacity is low (-10% MP). [potion of cure mutation]
  2023 | D:3      | Reached skill level 6 in Unarmed Combat
  2041 | D:3      | Reached XP level 5. HP: 36/45 MP: 2/2
  2236 | D:3      | Reached skill level 5 in Dodging
  2313 | D:4      | Found a staircase to the Ecumenical Temple.
  2329 | D:4      | Noticed an ogre
  2340 | Temple   | Entered the Ecumenical Temple
  2432 | D:4      | Killed an ogre
  2432 | D:4      | Reached XP level 6. HP: 21/51 MP: 3/3
  2579 | D:4      | Found a sand-covered staircase.
  2589 | Ossuary  | Entered an ossuary
  2608 | Ossuary  | Reached skill level 7 in Unarmed Combat
  2652 | Ossuary  | HP: 2/51 [mummy (13)]
  2664 | Ossuary  | Slain by a mummy

Action                   |  1- 3 |  4- 6 || total
-------------------------+-------+-------++-------
Melee: Unarmed           |    82 |   178 ||   260
  Use: Scroll            |       |     7 ||     7
       Potion            |       |     6 ||     6
 Stab: Sleeping          |     1 |     4 ||     5
  Eat: Chunk             |     1 |     4 ||     5
       Fruit             |       |     1 ||     1
